 Dungeon Crawl Stone Soup version 0.30-b1-2-g02819fbbbe (webtiles) character file.

Game seed: 949571437066442060

2574 iNSGRILO the Cleaver (level 9, -1/79 HPs)
             Began as a Minotaur Fighter on Sept 28, 2023.
             Was a Follower of Okawaru.
             Slain by a gnoll sergeant
             ... wielding a +0 trident
              (7 damage)
             ... on level 6 of the Dungeon.
             The game lasted 00:26:32 (5818 turns).

iNSGRILO the Cleaver (Minotaur Fighter)             Turns: 5818, Time: 00:26:33

Health: -1/79      AC:  8    Str: 25    XL:     9   Next: 32%
Magic:  8/8        EV: 10    Int:  5    God:    Okawaru [*.....]
Gold:   262        SH:  5    Dex: 10    Spells: 8/8 levels left

rFire   . . .        t - +0 war axe
rCold   + . .        c - +0 buckler
rNeg    . . .        v - +0 scale mail {rC+}
rPois   .            (helmet restricted)
rElec   .            (no cloak)
rCorr   .            (no gloves)
SInv    .            (no boots)
Will    .....        z - amulet of the acrobat Stlth
                     (no ring)
HPRegen 0.33/turn    (no ring)
MPRegen 0.11/turn

%: acrobat
@: mighty, weakened
A: horns 2, retaliatory headbutt
a: Renounce Religion, Heroism


You were on level 6 of the Dungeon.
You worshipped Okawaru.
Okawaru was aware of your devotion.
You visited 2 branches of the dungeon, and saw 7 of its levels.

You collected 262 gold pieces.

Inventory:

Hand Weapons
 a - a +0 war axe
 t - a +0 war axe (weapon)
 J - a +1 dire flail
Missiles
 s - 4 boomerangs (quivered)
Armour
 b - a +0 scale mail
 c - a +0 buckler (worn)
 k - a +0 helmet
 l - a +0 ring mail
 o - a +0 leather armour
 v - a +0 scale mail of cold resistance (worn)
 G - an orb of wrath
Magical Staves
 h - a staff of death
Jewellery
 z - an amulet of the acrobat (around neck)
 E - a ring of willpower
 K - a ring of protection from cold
 L - a ring of magical power
Wands
 r - a wand of quicksilver (8)
 y - a wand of digging (4)
 I - a wand of iceblast (10)
Scrolls
 f - a scroll of vulnerability {unknown}
 g - a scroll of teleportation {unknown}
 m - 3 scrolls of blinking
 q - 7 scrolls of identify {unknown}
 u - 2 scrolls of silence {unknown}
 w - a scroll of noise {unknown}
 A - 2 scrolls of amnesia {unknown}
 B - a scroll of magic mapping {unknown}
 F - 3 scrolls of fog {unknown}
Potions
 d - a potion of might
 e - a potion of cancellation {unknown}
 i - 2 potions of curing {unknown}
 j - 3 potions of heal wounds {unknown}
 n - 2 potions of flight {unknown}
 p - 2 potions of degeneration {unknown}
 x - a potion of berserk rage {unknown}
 C - a potion of mutation {unknown}
 D - a potion of ambrosia {unknown}
 H - a potion of attraction {unknown}


   Skills:
 + Level 7.1 Fighting
 + Level 10.5 Axes
 + Level 8.0 Armour
 + Level 3.0 Dodging
 + Level 0.8 Stealth
 + Level 5.9 Shields


You had 8 spell levels left.
You didn't know any spells.
Your spell library contained the following spells:

 Spells                   Type           Power      Damage    Failure   Level
 Hailstorm                Conj/Ice       0%         3d3       99%         3
 Ice Form                 Ice/Tmut       0%         N/A       100%        4
 Passage of Golubria      Tloc           0%         N/A       100%        4
 Silence                  Hex/Air        0%         N/A       100%        5
 Lehudib's Crystal Spear  Conj/Erth      0%         10d2      100%        8
 Simulacrum               Ice/Necr       Unusable   N/A       N/A         6
 Malign Gateway           Summ/Tloc      Unusable   N/A       N/A         7
 Summon Horrible Things   Summ           Unusable   N/A       N/A         8

Dungeon Overview and Level Annotations

Branches:
Dungeon (6/15)             Temple (1/1) D:5

Altars:
Ashenzari
Cheibriados
Dithmenos
Elyvilon
Fedhas
Gozag
Hepliaklqana
Kikubaaqudgha
Makhleb
Okawaru
Qazlal
Ru
Sif Muna
Trog
Uskayaw
Vehumet
Wu Jian
Xom
The Shining One

Portals:
Abyss: D:4


Innate Abilities, Weirdness & Mutations

You have a pair of horns on your head.
You reflexively headbutt those who attack you in melee.


Message History

You hear a shout!
You hear a howl!
You hear a shout!
Blink to where?
Press: ? - help, Q - select action, (/) - cycle Dir - move target, f - you
Okay, then.
You feel very mighty all of a sudden.
The howler monkey hits you but does no damage.
The hound closely misses you. The gnoll sergeant barely misses you.
You slash the hound!
You kill the hound!
Okawaru accepts your kill.
You barely miss the howler monkey. The howler monkey hits you.
* * * LOW HITPOINT WARNING * * *
The gnoll sergeant closely misses you.
The howler monkey hits you but does no damage.
An orc comes into view. It is wielding a +0 falchion.
You barely miss the howler monkey. Your headbutt misses the howler monkey.
You slash the howler monkey!
The howler monkey hoots and howls with incredible vigour!
You block the gnoll sergeant's attack. The howler monkey misses you.
You furiously retaliate!
You headbutt the howler monkey!
You kill the howler monkey!
Okawaru accepts your kill. The howler monkey closely misses you.
You hear a shout!
You hear a howl!
You slash the gnoll bouda! Your headbutt misses the gnoll bouda.
The gnoll bouda is moderately wounded.
You barely miss the howler monkey.
The gnoll is no longer moving quickly.
The gnoll sergeant hits you from afar with a +0 trident.
* * * LOW HITPOINT WARNING * * *
The gnoll bouda barks out a call to the hunt!
The gnoll picks up the pace!
A howler monkey comes into view.
The howler monkey closely misses you. The howler monkey hits you.
* * * LOW HITPOINT WARNING * * *
You hit the gnoll bouda but do no damage.
You headbutt the gnoll bouda!
The gnoll bouda is severely wounded.
You hit the howler monkey. You barely miss the howler monkey.
The gnoll sergeant hits you from afar with a +0 trident!
You die...

#.P..≈≈≈.# #....~≈≈.#
### #....~≈###+#..
#...P~≈#...#'##########
#....~~#.O.#...........
#....~≈#####~≈o≈o~~~~~~
#....~≈≈≈≈≈≈≈g≈≈≈≈~≈≈≈~
#....~~~~~~~~≈≈~~≈g≈≈~≈
#............@go[...h..
#............hh........
#######################


You could see an orc warrior, a gnoll sergeant (swift), a gnoll bouda, 3 howler
monkeys, an orc priest, a gnoll (swift) and an orc.

Vanquished Creatures
  An ancient zyme (D:4)
  Grinder (D:4)
  The ghost of Fartwhistle the Skirmisher, an amateur GnHu (D:4)
  A warg (D:6)
  An orc warrior (D:6)
  An ice beast (D:6)
  2 centaurs
  A kobold brigand (D:6)
  A bullfrog (D:6)
  4 scorpions
  4 wights (D:6)
  A small abomination (D:4)
  5 howler monkeys (D:6)
  10 hounds
  2 orc priests
  A sleepcap (D:4)
  A gnoll bouda (D:5)
  3 orc wizards
  7 gnolls
  5 adders
  An ufetubus (D:4)
  3 worms
  2 dart slugs
  10 orcs
  5 endoplasms
  3 giant cockroaches
  8 goblins
  6 hobgoblins
  6 jackals
  17 kobolds
  6 ball pythons
  7 bats
  4 frilled lizards
  7 rats
  A butterfly (D:5)
139 creatures vanquished.

Vanquished Creatures (others)
  A kobold (D:5)
  A fungus (D:6)
  3 plants (D:6)
5 creatures vanquished.

Grand Total: 144 creatures vanquished

Notes
Turn   | Place    | Note
-------+----------+-------------------------------------------
     0 | D:1      | iNSGRILO the Minotaur Fighter began the quest for the Orb.
     0 | D:1      | Reached XP level 1. HP: 19/19 MP: 0/0
   319 | D:1      | Reached XP level 2. HP: 22/27 MP: 1/1
   904 | D:2      | Reached XP level 3. HP: 27/33 MP: 2/2
   993 | D:2      | Reached skill level 3 in Axes
  1463 | D:2      | Reached XP level 4. HP: 40/40 MP: 3/3
  2002 | D:3      | Reached skill level 4 in Axes
  2515 | D:4      | Reached XP level 5. HP: 47/47 MP: 4/4
  2569 | D:4      | Noticed Fartwhistle's ghost (amateur GnHu)
  2573 | D:4      | Noticed an ancient zyme
  2575 | D:4      | Found a one-way gate to the infinite horrors of the Abyss.
  2594 | D:4      | Found a transporter.
  2682 | D:4      | Killed an ancient zyme
  2683 | D:4      | Reached skill level 6 in Axes
  2683 | D:4      | Reached skill level 5 in Armour
  2683 | D:4      | Reached XP level 6. HP: 37/55 MP: 5/5
  2732 | D:4      | Killed Fartwhistle's ghost
  2733 | D:4      | Reached skill level 5 in Fighting
  2733 | D:4      | Reached skill level 1 in Dodging
  2733 | D:4      | Reached XP level 7. HP: 31/61 MP: 6/6
  2766 | D:4      | Found a transporter.
  3030 | D:4      | Noticed Grinder
  3048 | D:4      | Killed Grinder
  3049 | D:4      | Reached skill level 7 in Axes
  3133 | D:4      | Found a snail-covered altar of Cheibriados.
  3552 | D:5      | Entered Level 5 of the Dungeon
  3564 | D:5      | Reached skill level 8 in Axes
  3591 | D:5      | Found a staircase to the Ecumenical Temple.
  3608 | D:5      | Reached XP level 8. HP: 45/70 MP: 7/7
  3903 | D:5      | Found an opulent altar of Gozag.
  4020 | D:5      | Found an iron altar of Okawaru.
  4037 | D:5      | Became a worshipper of Warmaster Okawaru
  4606 | Temple   | Entered the Ecumenical Temple
  4859 | D:6      | Reached skill level 9 in Axes
  4982 | D:6      | Reached skill level 5 in Shields
  5113 | D:6      | Reached * piety under Okawaru
  5172 | D:6      | Reached XP level 9. HP: 67/78 MP: 8/8
  5359 | D:6      | Reached skill level 10 in Axes
  5370 | D:6      | Noticed a troll
  5818 | D:6      | Slain by a gnoll sergeant

Illustrated notes

Levels and vault maps discovered:
D:1:      minmay_arrival_stone_box, layout_basic
D:2:      layout_loops_cross
D:3:      layout_loops_ring
D:4:      layout_basic, mainiacjoe_overflow_tiny_flanked,
          gammafunk_ghost_abyssal_escape, uniq_grinder
D:5:      layout_cave_pools, grunt_gozag_statues, okawaru_altar_gauntlet_db,
          minmay_temple_entry_butterflies
D:6:      lemuel_castle_with_subvaults [lemuel_castle_interior_carwin_2],
          layout_basic, serial_park_tiny_pond, small_statue_intersection
Temple:   lightli_temple_of_artemis

Skill      XL: |  1  2  3  4  5  6  7  8  9 |
---------------+----------------------------+-----
Shields        | 4 5 |  5.9
Fighting       | 4 5 6 7 |  7.1
Armour         | 4 5 6 7 8 |  8.0
Axes           | 3 4 6 8 9 10 | 10.5
Dodging        | 1 2 3 |  3.0
Stealth        | |  0.8

Action                     |  1- 3 |  4- 6 |  7- 9 || total
---------------------------+-------+-------+-------++-------
  Melee: War axe           |    78 |    60 |   203 ||   341
         Headbutt          |    13 |    11 |    47 ||    71
    Use: Potion            |       |       |     1 ||     1
 Armour: Scale mail        |    35 |    28 |    62 ||   125
  Dodge: Dodged            |    39 |    38 |   148 ||   225
  Block: Buckler           |    29 |    20 |    58 ||   107
